cohdb
Replays
Latest Replays
All Replays
Popular Replays
Top Player Replays
Match Explorer
How It Works
Community
CoH3 Stats
Reddit
Sign in to upload your games and track your stats! →
Sign in with Steam
Match 42815548
Unlisted
Match 42815548
Overview
Messages
Build Orders
End
Scout Squad
Engineer Squad
Construct Weapon Support Center
Selects Heavy Weapons
M1919 Machine Gun Team
.30 cal Machine Gun
Selects Assault Carriers
Bazooka Squad
Engineer Squad
Mechanized Support Center
Engineer Squad
M3 Assault Carrier
M3 Assault Carrier
Selects Exchangeable Parts
M3 Assault Carrier
M3 Assault Carrier
Avocado
Tibbles
HRE Wasnt German
SwamoShotFirst
Joraad
The Exile
thenewbieone
garnett_84
0
0
Comments
sign in to comment!
No comments posted yet!